 Dungeon Sprint DCSS version 0.20-a0-1089-g3fde505 (webtiles) character file.

33632 potatolord5000 the Warrior (level 13, -5/138 HPs)
             Began as a Minotaur Fighter on May 3, 2017.
             Was the Champion of Okawaru.
             Slain by an orc knight
             ... wielding a +0 war axe
              (12 damage)
             ... in the Dungeon (Sprint VII: "The Pits").
             The game lasted 00:21:53 (2364 turns).

potatolord5000 the Warrior (Minotaur Fighter)       Turns: 2364, Time: 00:21:54

Health: -5/138     AC: 35    Str: 33    XL:     13   Next: 37%
Magic:  19/24      EV:  2    Int:  8    God:    Okawaru [******]
Gold:   17         SH:  0    Dex: 17    Spells: 12/12 levels left

rFire    + + +     SeeInvis .   C - +10 battleaxe of Asong {freeze, rC+ Str+3 Dex+3 Stlth-}
rCold    . . .     Gourm    .   (shield currently unavailable)
rNeg     + + +     Faith    .   D - +4 plate armour
rPois    ∞         Spirit   .   (helmet restricted)
rElec    +         Reflect  .   a - scarf "Eczac" {rElec rF+}
rCorr    .         Harm     .   x - +0 pair of gloves
MR       +....     NoTele   +   g - +0 pair of boots of the Fifty Lovers {rF++ rC- Int+3 Stlth+}
Stlth    ..........             (no amulet)
Regen    0.4/turn               h - +3 ring of evasion
MPRegen  0.2/turn               v - ring "Upeuja" {MR+ AC+6 Dex+3}

@: mighty, petrified, heroism, finesse
A: retaliatory headbutt, horns 2
a: Heroism, Finesse, Renounce Religion


You were in the Dungeon.
You worshipped Okawaru.
Okawaru was exalted by your worship.
You were full.

You visited 1 branch You collected 17 gold pieces.

Inventory:

Hand Weapons
 C - the +10 battleaxe of Asong (weapon) {freeze, rC+ Str+3 Dex+3 Stlth-}
   (Okawaru gifted it to you in the Dungeon)

   It has been specially enchanted to freeze those struck by it, causing extra
   injury to most foes and up to half again as much damage against particularly
   susceptible opponents.
   It can also slow down cold-blooded creatures.
   It affects your strength (+3).
   It affects your dexterity (+3).
   It protects you from cold.
   It makes you less stealthy.
Armour
 a - the scarf "Eczac" (worn) {rElec rF+}
   (Okawaru gifted it to you in the Dungeon)

   It protects you from fire.
   It insulates you from electricity.
 g - the +0 pair of boots of the Fifty Lovers (worn) {rF++ rC- Int+3 Stlth+}
   (You found it in the Dungeon)

   It affects your intelligence (+3).
   It greatly protects you from fire.
   It makes you vulnerable to cold.
   It makes you more stealthy.
 x - a +0 pair of gloves (worn)
 D - a +4 plate armour (worn)
Jewellery
 h - a +3 ring of evasion (left hand)
 v - the ring "Upeuja" (right hand) {MR+ AC+6 Dex+3}
   (You took it off a death knight in the Dungeon)

   [ring of protection]

   It affects your AC (+6).
   It affects your dexterity (+3).
   It affects your resistance to hostile enchantments.
Wands
 b - a wand of flame (11/48)
Scrolls
 k - 2 scrolls of blinking
 m - 8 scrolls of remove curse
 n - 5 scrolls of amnesia
 o - a scroll of summoning
 t - a scroll of recharging
 y - 2 scrolls of fear
 B - 2 scrolls of identify
Potions
 e - 7 potions of curing
 i - 4 potions of magic
 j - 2 potions of berserk rage
 l - 2 potions of invisibility
 s - a potion of agility
 u - a potion of haste
 A - 2 potions of cancellation
Comestibles
 f - 8 bread rations
 p - 42 fruits
 q - 6 meat rations


   Skills:
 + Level 19.6(24.6) Fighting
 + Level 19.6(24.6) Axes
 + Level 19.6(24.6) Armour
   Level 14.6(19.6) Shields
 + Level 16.3 Invocations


You had 12 spell levels left.
You didn't know any spells.

Dungeon Overview and Level Annotations

Branches:
Dungeon (1/1)

Altars:
Ashenzari
Cheibriados
Dithmenos
Elyvilon
Fedhas
Gozag
Hepliaklqana
Kikubaaqudgha
Makhleb
Nemelex Xobeh
Okawaru
Qazlal
Ru
Sif Muna
Trog
Uskayaw
Vehumet
Wu Jian
Xom
Yredelemnul
Zin
The Shining One
Beogh
Jiyva
Lugonu

Annotations:
D Polyphemus


Innate Abilities, Weirdness & Mutations

You reflexively headbutt those who attack you in melee.
You have a pair of horns on your head.


Message History

Okawaru accepts your kill.
You slash the orc warlord! You freeze the orc warlord.
You slice the catoblepas!! You freeze the catoblepas.
You kill the catoblepas!
Okawaru is honoured by your kill.
You slice Polyphemus like a ripe choko!!!
You freeze Polyphemus!
You are engulfed in calcifying dust.
Your limbs have turned to stone.
The orc knight no longer looks unusually strong.
The orc warlord roars a battlecry!
The orc knight goes into a battle-frenzy!
Polyphemus hits you but does no damage. Polyphemus hits you!
* * * LOW HITPOINT WARNING * * *
You have turned to stone.
You are engulfed in calcifying dust.
The orc knight no longer looks unusually strong. x2
The orc warlord roars a battlecry!
The orc knights go into a battle-frenzy!
The orc knight hits you with a war axe!!
You die...

.# .# .+ .+ '#
'###############################+
..)).............................
.))).............................
)##############o@##############.)
.#


#.oooCo# #). .# #..oop.# #.. .# #..oto.# #[. .# ###..### #.) .# .... #.. .# ....
#N. .# #.... #.. .# #.. You could see Polyphemus, an alligator snapping turtle,
2 orc warlords, a vault guard and 7 orc knights.

Vanquished Creatures
  An ancient lich (D)
  A lich (D)
  A deep elf sorcerer (D)
  A merfolk impaler (D)
  A great orb of eyes (D)
  A rakshasa (D)
  A spriggan air mage (D)
  2 catoblepae (D)
  A death yak (D)
  2 death knights (D)
  2 orc high priests (D)
  A sun demon (D)
  A fire crab (D)
  A sixfirhy (D)
  A sea snake (D)
  A deep troll (D)
  2 lindwurms (D)
  An orc knight (D)
  An ugly thing (D)
  An orc sorcerer (D)
  A wolf spider (D)
  A cyclops (D)
  A black mamba (D)
  A molten gargoyle (D)
  An orange demon (D)
  A smoke demon (D)
  4 gargoyles (D)
  A spiny frog (D)
  An ice devil (D)
  A demonic crawler (D)
  A troll (D)
  5 merfolk (D)
  A polar bear (D)
  A tyrant leech (D)
  A hornet (D)
  9 blink frogs (D)
  A snapping turtle (D)
  2 bog bodies (D)
  A ynoxinul (D)
  A spriggan (D)
  7 redbacks (D)
  A tarantella (D)
  3 fire bats (D)
  Eustachio (D)
  A basilisk (D)
  A hungry ghost (D)
  A warg (D)
  Menkaure (D)
  An acid dragon (D)
  A water moccasin (D)
  2 porcupines (D)
  Duvessa (D)
  2 orc warriors (D)
  An eye of draining (D)
  An ice beast (D)
  A phantom (D)
  A floating eye (D)
  3 wolves (D)
  A crocodile (D)
  Blork the orc (D)
  An earth elemental (D)
  Dowan (D)
  A crimson imp (D)
  A hound (D)
  A gnoll shaman (D)
  An iron imp (D)
  Jessica (D)
  6 gnolls (D)
  An adder (D)
  An ooze (D)
  2 adder skeletons (D)
  A worm (D)
  6 orcs (D)
  A bat skeleton (D)
  A giant cockroach (D)
  A goblin (D)
  6 jackals (D)
  A quokka (D)
  2 frilled lizards (D)
  A jackal simulacrum (D)
  A rat (D)
130 creatures vanquished.

Vanquished Creatures (others)
  An adder (D)
  A rat (D)
2 creatures vanquished.

Grand Total: 132 creatures vanquished

Notes
Turn   | Place    | Note
-------+----------+-------------------------------------------
     0 | D        | potatolord5000 the Minotaur Fighter began the quest for the Orb.
     0 | D        | Reached XP level 1. HP: 19/19 MP: 0/0
    13 | D        | Reached XP level 2. HP: 28/28 MP: 1/1
    47 | D        | Found a bloodstained altar of Trog.
    47 | D        | Found a deep blue altar of Sif Muna.
    47 | D        | Found a viscous altar of Jiyva.
    47 | D        | Found a hazy altar of Hepliaklqana.
    47 | D        | Found an opulent altar of Gozag.
    48 | D        | Found a glowing golden altar of the Shining One.
    48 | D        | Found a glowing silver altar of Zin.
    48 | D        | Found a basalt altar of Yredelemnul.
    48 | D        | Found a shimmering altar of Xom.
    48 | D        | Found an ornate altar of the Wu Jian Council.
    48 | D        | Found a sacrificial altar of Ru.
    48 | D        | Found a stormy altar of Qazlal.
    48 | D        | Found an iron altar of Okawaru.
    48 | D        | Found a sparkling altar of Nemelex Xobeh.
    48 | D        | Found a burning altar of Makhleb.
    48 | D        | Found a blossoming altar of Fedhas.
    48 | D        | Found a white marble altar of Elyvilon.
    48 | D        | Found a shadowy altar of Dithmenos.
    48 | D        | Found a snail-covered altar of Cheibriados.
    51 | D        | Found a corrupted altar of Lugonu.
    51 | D        | Found a radiant altar of Vehumet.
    51 | D        | Found a roughly hewn altar of Beogh.
    52 | D        | Found an ancient bone altar of Kikubaaqudgha.
    52 | D        | Found a hide-covered altar of Uskayaw.
    52 | D        | Found a shattered altar of Ashenzari.
    56 | D        | Became a worshipper of Warmaster Okawaru
    93 | D        | Noticed a phantom
    97 | D        | Reached skill level 5 in Fighting
    97 | D        | Reached skill level 5 in Shields
   103 | D        | Reached skill level 5 in Armour
   103 | D        | Reached XP level 3. HP: 14/36 MP: 2/2
   104 | D        | Killed a phantom
   104 | D        | Reached * piety under Okawaru
   104 | D        | Reached XP level 4. HP: 17/45 MP: 3/3
   298 | D        | Noticed a porcupine
   298 | D        | Noticed Blork the orc
   301 | D        | Noticed Duvessa
   301 | D        | Noticed Dowan
   305 | D        | Killed a porcupine
   305 | D        | Reached XP level 5. HP: 26/53 MP: 3/6
   311 | D        | Killed Blork the orc
   311 | D        | Reached XP level 6. HP: 61/61 MP: 3/7
   316 | D        | Killed Duvessa
   316 | D        | Reached ** piety under Okawaru
   316 | D        | Killed Dowan
   335 | D        | Noticed Jessica
   336 | D        | Killed Jessica
   336 | D        | Reached skill level 5 in Invocations
   339 | D        | Noticed a fire bat
   344 | D        | Killed a fire bat
   344 | D        | Reached XP level 7. HP: 57/70 MP: 8/10
   346 | D        | Noticed Menkaure
   346 | D        | Noticed a fire bat
   350 | D        | Killed a fire bat
   350 | D        | Reached skill level 10 in Fighting
   350 | D        | Reached skill level 10 in Armour
   350 | D        | Reached skill level 10 in Shields
   358 | D        | Killed Menkaure
   358 | D        | Reached *** piety under Okawaru
   366 | D        | Reached skill level 10 in Axes
   366 | D        | Reached XP level 8. HP: 55/80 MP: 11/11
   485 | D        | Noticed a demonic crawler
   490 | D        | Killed a demonic crawler
   629 | D        | Noticed a bog body
   635 | D        | Killed a bog body
   635 | D        | Reached **** piety under Okawaru
   643 | D        | Noticed a gargoyle
   643 | D        | Noticed a tyrant leech
   643 | D        | Noticed a gargoyle
   648 | D        | Killed a gargoyle
   648 | D        | Reached XP level 9. HP: 74/89 MP: 12/14
   653 | D        | Killed a tyrant leech
   655 | D        | Killed a gargoyle
   655 | D        | Reached ***** piety under Okawaru
   662 | D        | Noticed a smoke demon
   674 | D        | Killed a smoke demon
   682 | D        | Noticed a rakshasa
   702 | D        | Killed a rakshasa
   702 | D        | Received a gift from Okawaru
   859 | D        | Noticed a merfolk
   861 | D        | Noticed a merfolk impaler
   862 | D        | Noticed a merfolk
   863 | D        | Noticed a merfolk
   875 | D        | Reached XP level 10. HP: 89/101 MP: 9/16
   882 | D        | Received a gift from Okawaru
   884 | D        | Reached skill level 10 in Invocations
   893 | D        | Killed a merfolk impaler
   920 | D        | Got an encrusted scarf {god gift}
   926 | D        | Identified the scarf "Eczac" {rElec rF+} (Okawaru gifted it to you in the Dungeon)
  1260 | D        | Noticed a gargoyle
  1265 | D        | Killed a gargoyle
  1269 | D        | Noticed a sea snake
  1269 | D        | Received a gift from Okawaru
  1273 | D        | Killed a sea snake
  1273 | D        | Reached XP level 11. HP: 81/111 MP: 18/18
  1276 | D        | Got a faintly glowing battleaxe {god gift}
  1283 | D        | Identified the +10 battleaxe of Asong {freeze, rC+ Str+3 Dex+3 Stlth-} (Okawaru gifted it to you in the Dungeon)
  1304 | D        | Reached skill level 15 in Fighting
  1307 | D        | Reached skill level 15 in Axes
  1307 | D        | Reached skill level 15 in Armour
  1481 | D        | Reached ****** piety under Okawaru
  1567 | D        | Noticed a deep troll
  1568 | D        | Noticed a wolf spider
  1574 | D        | Killed a deep troll
  1578 | D        | Received a gift from Okawaru
  1579 | D        | Killed a wolf spider
  1582 | D        | Noticed a lindwurm
  1584 | D        | Noticed a catoblepas
  1587 | D        | Noticed an orc high priest
  1589 | D        | Killed an orc high priest
  1598 | D        | Killed a catoblepas
  1612 | D        | Killed a lindwurm
  1613 | D        | Noticed a sixfirhy
  1613 | D        | Noticed a fire crab
  1615 | D        | Received a gift from Okawaru
  1618 | D        | Killed a sixfirhy
  1618 | D        | Reached XP level 12. HP: 47/124 MP: 16/21
  1625 | D        | Noticed a death knight
  1625 | D        | Noticed a death knight
  1631 | D        | Killed a death knight
  1639 | D        | Killed a death knight
  1641 | D        | Got the +0 pair of boots of the Fifty Lovers {rF++ rC- Int+3 Stlth+}
  1641 | D        | Got the ring "Upeuja" {MR+ AC+6 Dex+3}
  2017 | D        | Received a gift from Okawaru
  2034 | D        | Noticed an orc high priest
  2036 | D        | Noticed a great orb of eyes
  2047 | D        | Killed a great orb of eyes
  2054 | D        | Killed an orc high priest
  2198 | D        | Noticed a death yak
  2206 | D        | Killed a death yak
  2212 | D        | Noticed Eustachio
  2216 | D        | Killed Eustachio
  2231 | D        | Noticed a spriggan air mage
  2232 | D        | Noticed a deep elf sorcerer
  2232 | D        | Noticed a lich
  2234 | D        | Noticed an ancient lich
  2234 | D        | Killed a spriggan air mage
  2235 | D        | Noticed a deep elf sorcerer
  2251 | D        | Killed a deep elf sorcerer
  2251 | D        | Reached skill level 15 in Invocations
  2251 | D        | Killed a lich
  2251 | D        | Received a gift from Okawaru
  2251 | D        | Reached XP level 13. HP: 103/136 MP: 15/23
  2258 | D        | Killed an ancient lich
  2260 | D        | Got a shadowed robe {god gift}
  2271 | D        | Identified the +0 robe of Terror {rF++ rN+ Int-3 Dex+2} (Okawaru gifted it to you in the Dungeon)
  2348 | D        | Noticed Polyphemus
  2350 | D        | Noticed an orc warlord
  2350 | D        | Noticed an orc warlord
  2364 | D        | Slain by an orc knight

Vault maps used:
D:        pitsprint

Skill      XL: |  1  2  3  4  5  6  7  8  9 10 11 12 13 |
---------------+----------------------------------------+-----
Fighting       | 4 5 6 7 8 9 10 11 13 14 16 18 19 | 19.6
Axes           | 3 4 6 7 9 10 11 12 14 16 18 19 | 19.6
Armour         | 4 5 6 7 8 9 10 11 12 14 16 18 19 | 19.6
Shields        | 4 5 6 7 8 9 10 11 13 14 | 14.6
Invocations    | 2 3 5 6 8 9 11 13 15 16 | 16.3

Action                   |  1- 3 |  4- 6 |  7- 9 | 10-12 | 13-15 || total
-------------------------+-------+-------+-------+-------+-------++-------
Melee: War axe           |    18 |    16 |    29 |       |       ||    63
       Headbutt          |     5 |     1 |    13 |    42 |     4 ||    65
       Broad axe         |       |       |    46 |    66 |       ||   112
       Battleaxe         |       |       |       |   128 |     9 ||   137
Invok: Heroism           |       |       |     3 |     3 |     1 ||     7
       Finesse           |       |       |     1 |     2 |     1 ||     4
  Use: Potion            |     1 |     4 |     8 |    10 |     2 ||    25
       Scroll            |       |       |       |     5 |       ||     5
  Eat: Meat ration       |       |     1 |       |     1 |       ||     2
Armor: Scale mail        |    20 |     9 |     6 |       |       ||    35
       Chain mail        |       |       |    11 |    40 |       ||    51
       Plate armour      |       |       |       |    29 |    20 ||    49
Dodge: Dodged            |    18 |    12 |    21 |    77 |     5 ||   133
Block: Shield            |    19 |    16 |    46 |    38 |       ||   119
